 Dungeon Crawl Stone Soup version 0.32-a0-909-gc671339a80 (webtiles) character file.

Game seed: 15840437426599991505

2677 Jinxx the Chiller (level 9, -5/75 (99) HPs)
             Began as a Demonspawn Ice Elementalist on Apr 7, 2024.
             Was an Initiate of Qazlal.
             Killed by divine providence
             ... invoked by Jeremiah
              (12 damage)
             ... on level 7 of the Dungeon.
             The game lasted 00:21:14 (7988 turns).

Jinxx the Chiller (Demonspawn Ice Elementalist)     Turns: 7988, Time: 00:21:15

HP:   -5/75 (99)    AC: 32    Str:  7 (8)  XL:     9   Next: 37%
MP:   3/16          EV:  2    Int: 22 (23) God:    Qazlal [......]
Gold: 421           SH:  0    Dex: 11 (14) Spells: 11/18 levels left

rFire   . . .        y - +6 dagger of Glory {holy, Will+ Int+3}
rCold   + . .        (no shield)
rNeg    . . .        a - melded +0 robe
rPois   +            (helmet currently unavailable)
rElec   .            g - melded +0 cloak
rCorr   .            G - melded +0 pair of gloves
SInv    .            q - melded +0 pair of boots
Will    +....        D - amulet of faith
Stlth   ++           m - ring of protection from cold
HPRegen 0.32/turn    F - ring of poison resistance
MPRegen 0.15/turn

%: faith
@: mighty, ice-armoured, tree-form, freezing walls, attractive, hasted, heavily
drained, very quick
A: stationary, stasis, torment immunity, boosted hp, (antennae 2), powered by
death 1, (sanguine armour 2)
a: Renounce Religion


You were on level 7 of the Dungeon.
You worshipped Qazlal.
Qazlal was noncommittal.
You were a tree.
You visited 2 branches of the dungeon, and saw 8 of its levels.

You collected 421 gold pieces.

Inventory:

Hand Weapons
 c - a +0 sling
 u - a +2 heavy hand axe
 v - a +0 shortbow
 y - the +6 dagger of Glory (weapon) {holy, Will+ Int+3}
   (You found it on level 4 of the Dungeon)

   Int+3:     It affects your intelligence (+3).
   Will+:     It increases your willpower.
Missiles
 t - a poisoned dart
 w - 53 stones
Armour
 a - a +0 robe (melded)
 g - a +0 cloak (melded)
 q - a +0 pair of boots (melded)
 G - a +0 pair of gloves (melded)
Jewellery
 m - a ring of protection from cold (left branch)
 D - an amulet of faith (around neck)
 F - a ring of poison resistance (right branch)
Wands
 K - a wand of charming (6)
Scrolls
 b - a scroll of silence {unknown}
 e - 2 scrolls of vulnerability {unknown}
 f - 2 scrolls of noise {unknown}
 h - a scroll of enchant armour {unknown}
 i - 8 scrolls of identify {unknown}
 j - 2 scrolls of revelation {unknown}
 n - a scroll of immolation {unknown}
 r - 2 scrolls of poison {unknown}
 B - a scroll of blinking {unknown}
 C - a scroll of fog {unknown}
 H - a scroll of enchant weapon {unknown}
 I - 3 scrolls of fear {unknown}
 J - a scroll of teleportation {unknown}
 L - a scroll of amnesia {unknown}
Potions
 d - a potion of enlightenment
 o - 3 potions of degeneration
 A - a potion of cancellation {unknown}
 E - a potion of heal wounds {unknown}


   Skills:
 * Level 4.6 Fighting
 * Level 4.2 Ranged Weapons
 * Level 4.3 Armour
 * Level 4.9 Dodging
 + Level 4.1 Stealth
 * Level 5.0 Spellcasting
 * Level 5.8 Ice Magic


You had 11 spell levels left.
You knew the following spells:

 Your Spells              Type           Power      Damage    Failure   Level
a - Freeze                Ice            100%       1d10      1%          1
b - Frozen Ramparts       Ice            62%        1d10      2%          3
c - Ozocubu's Armour      Ice            31%        N/A       2%          3

Your spell library contained the following spells:

 Spells                   Type           Power      Damage    Failure   Level
 Summon Ice Beast         Ice/Summ       18%        N/A       9%          3
 Magic Dart               Conj           20%        1d4       10%         1
 Searing Ray              Conj           10%        2d4       16%         2
 Fulminant Prism          Conj/Alch      2%         3d5       69%         4


Dungeon Overview and Level Annotations

Branches:
Dungeon (7/15)             Temple (1/1) D:6

Altars:
Cheibriados
Dithmenos
Fedhas
Hepliaklqana
Nemelex Xobeh
Okawaru
Qazlal
Ru
Sif Muna
Trog
Uskayaw
Vehumet
Xom
Yredelemnul

Shops:
D:2 *   D:6 =*

Annotations:
D:7 Duvessa, Jeremiah


Innate Abilities, Weirdness & Mutations

You are a tree.
Your roots penetrate the ground, keeping you stationary.
You cannot be teleported.
You are immune to unholy pain and torment.
Your maximum health is greatly increased.
Your equipment is partially melded.
((You have a pair of antennae on your head.))
You regenerate a little health from kills.
((When seriously injured, your blood forms thick armour. (AC +0)))


Message History

The butterfly disappears in a burst of colours!
The wall freezes Duvessa but does no damage.
Duvessa hits you but does no damage.
The wall freezes the butterfly.
You kill the butterfly!
The butterfly disappears in a burst of colours!
The wall freezes the butterfly.
You kill the butterfly!
The butterfly disappears in a burst of colours!
The ice beast completely resists.
The wall freezes the ice beast but does no damage.
The ice beast hits you but does no damage.
Jeremiah is attracted toward you.
Aiming: Freeze (safe; 1% risk of failure)
Press: ? - help, Q - select action, (/) - cycle Shift-Dir - straight line, f - Jeremiah
Aim: Jeremiah, wielding a +2 trident of draining, wearing a +0 robe and wearing an orb of guile (translocational energy, heavily wounded)
You freeze Jeremiah!
Jeremiah is severely wounded.
Duvessa resists.
The wall freezes Duvessa.
Duvessa hits you but does no damage.
The wall freezes Jeremiah.
Jeremiah hits you but does no damage.
You feel drained.
Aiming: Freeze (safe; 1% risk of failure)
Press: ? - help, Q - select action, (/) - cycle Shift-Dir - straight line, f/p - Jeremiah
Aim: Jeremiah, wielding a +2 trident of draining, wearing a +0 robe and wearing an orb of guile (translocational energy, severely wounded)
You freeze Jeremiah!
Jeremiah is almost dead.
The wall freezes the butterfly.
You kill the butterfly!
The butterfly disappears in a burst of colours!
Duvessa resists.
The wall freezes Duvessa.
Duvessa hits you but does no damage.
The wall freezes the butterfly.
You kill the butterfly!
The butterfly disappears in a burst of colours!
The ice beast completely resists.
The wall freezes the ice beast but does no damage.
The ice beast hits you but does no damage.
The wall freezes Jeremiah.
Jeremiah cries, "Fearful master, protect me!"
Something smites you!
You die...
Jeremiah wails, "I didn't mean to kill anyone!
I'm not a murderer!"

#.#. # . #... .##..
#...# ##....
#####...#### ....#
#........).####...####
#..........§bbY.......
#..........†F♣e...#
#.......§.§####...# ##
#.......§..# #......
..##..........# ....##
...#...bbb....# ##.#
..............# #
.............[#
......####.......
....#.# #.######


You could see Jeremiah, Duvessa (berserk, fast) and an ice beast.

Vanquished Creatures
  Pikel (D:6)
  A water moccasin (D:5)
  An orc warrior (D:7)
  An ice beast (D:6)
  2 sky beasts (D:7)
  6 ogres
  3 bullfrogs
  3 scorpions
  Dowan (D:7)
  2 howler monkeys (D:7)
  An orc priest (D:7)
  6 hounds
  A jelly (D:6)
  2 sleepcaps
  Natasha (twice) (D:3)
  3 iguanas
  6 orc wizards
  9 adders
  2 ufetubi (D:5)
  17 orcs
  12 endoplasms
  3 giant cockroaches
  7 goblins
  5 hobgoblins
  6 jackals
  7 kobolds
  A quokka (D:1)
  4 ball pythons
  8 bats
  5 frilled lizards
  8 rats
136 creatures vanquished.

Notes
Turn   | Place    | Note
-------+----------+-------------------------------------------
     0 | D:1      | Jinxx the Demonspawn Ice Elementalist began the quest for
                  | the Orb.
     0 | D:1      | Reached XP level 1. HP: 13/13 MP: 3/3
   182 | D:1      | Found a faded altar of an unknown god.
   723 | D:1      | Gained mutation: When seriously injured, your blood forms
                  | armour. (AC +0) [demonic ancestry]
   723 | D:1      | Reached XP level 2. HP: 19/19 MP: 5/5
  1279 | D:2      | Found Ceni's Assorted Antiques.
  1306 | D:2      | Reached XP level 3. HP: 14/25 MP: 6/6
  1677 | D:2      | Learned a level 3 spell: Frozen Ramparts
  2086 | D:3      | Noticed an ogre
  2092 | D:3      | Killed an ogre
  2093 | D:3      | Reached skill level 1 in Fighting
  2093 | D:3      | Reached skill level 1 in Ranged Weapons
  2093 | D:3      | Reached skill level 1 in Armour
  2093 | D:3      | Reached XP level 4. HP: 32/32 MP: 0/8
  2093 | D:3      | Gained mutation: When seriously injured, your blood forms
                  | thick armour. (AC +0) [demonic ancestry]
  2093 | D:3      | Reached XP level 5. HP: 37/37 MP: 0/9
  2097 | D:3      | Learned a level 3 spell: Ozocubu's Armour
  2345 | D:3      | Found a sparkling altar of Nemelex Xobeh.
  2509 | D:3      | Found a basalt altar of Yredelemnul.
  2771 | D:3      | Found a hazy altar of Hepliaklqana.
  2777 | D:3      | Found a bloodstained altar of Trog.
  2782 | D:3      | Found a shadowy altar of Dithmenos.
  2971 | D:3      | Noticed Natasha
  2980 | D:3      | Killed Natasha
  3161 | D:3      | Noticed Natasha
  3169 | D:3      | Killed Natasha
  3430 | D:4      | Reached XP level 6. HP: 28/43 MP: 4/10
  4011 | D:4      | Identified the +6 dagger of Glory {holy, Will+ Int+3}
  4428 | D:4      | Gained mutation: You have a pair of small antennae on your
                  | head. [demonic ancestry]
  4428 | D:4      | Reached XP level 7. HP: 43/50 MP: 5/12
  4855 | D:5      | Entered Level 5 of the Dungeon
  5637 | D:5      | Reached skill level 5 in Ice Magic
  5637 | D:5      | Gained mutation: You regenerate a little health from kills.
                  | [demonic ancestry]
  5637 | D:5      | Reached XP level 8. HP: 56/58 MP: 7/14
  6506 | D:6      | Found Caynobla's One-of-a-Kind Rings.
  6681 | D:6      | Found a staircase to the Ecumenical Temple.
  6693 | Temple   | Entered the Ecumenical Temple
  6726 | Temple   | Became a worshipper of Qazlal Stormbringer
  6757 | D:6      | Found Uptos's Mass Market.
  6914 | D:6      | Noticed Pikel
  6924 | D:6      | Killed Pikel
  7058 | D:6      | Gained mutation: You have a pair of antennae on your head.
                  | [demonic ancestry]
  7058 | D:6      | Reached XP level 9. HP: 52/65 MP: 16/16
  7459 | D:7      | Reached skill level 5 in Spellcasting
  7465 | D:7      | Noticed Jeremiah
  7963 | D:7      | Noticed Dowan
  7964 | D:7      | Noticed Duvessa
  7973 | D:7      | Killed Dowan
  7988 | D:7      | Killed from afar by Jeremiah

Illustrated notes

Levels and vault maps discovered:
D:1:      dpeg_arrival_more_subterranean_lakeside_camping, layout_loops_corners,
          basic_ecumenical_altar, minmay_misc_feat_doors, chequers_big_river
D:2:      layout_rooms, serial_shops, shop, kennysheep_decorative_pillar,
          minmay_randomly_rotated_circles
D:3:      layout_basic, kennysheep_ying_yang, minmay_overflow_temple_star_quad,
          nemelex_spade_bored_becter, serial_rivers,
          chequers_serial_rivers_micro_a, chequers_serial_rivers_micro_e,
          chequers_serial_rivers_small_3, chequers_serial_rivers_small_3,
          grunt_decor_one_mirror, kennysheep_nondescript, uniq_natasha
D:4:      wad_crossroads, layout_gridville
D:5:      layout_layer_cave
D:6:      hellmonk_crumbling_castle, layout_gridville, temple_statues,
          nicolae_shop_unique_rings, minmay_shop_mass, uniq_pikel
D:7:      layout_rooms, grunt_temple_overflow_open, uniq_duvessa, uniq_maggie,
          uniq_jeremiah, uniq_crazy_yiuf_cottage
Temple:   jpeg_temple_alley_garden

Skill      XL: |  1  2  3  4  5  6  7  8  9 |
---------------+----------------------------+-----
Dodging        | 2 3 4 |  4.9
Stealth        | 2 3 4 |  4.1
Fighting       | 1 2 3 4 |  4.6
Ranged Weapons | 1 2 3 4 |  4.2
Armour         | 1 2 3 4 |  4.3
Ice Magic      | 4 5 |  5.8
Spellcasting   | 3 4 5 |  5.0

Action                     |  1- 3 |  4- 6 |  7- 9 || total
---------------------------+-------+-------+-------++-------
  Melee: Unarmed           |     8 |       |       ||     8
         Dagger            |       |       |    16 ||    16
   Fire: Sling             |   133 |    30 |       ||   163
         Shortbow          |       |   110 |   152 ||   262
  Throw: Dart              |       |     3 |    16 ||    19
   Cast: Freeze            |    14 |    30 |    55 ||    99
         Frozen Ramparts   |     1 |     7 |    16 ||    24
         Ozocubu's Armour  |       |     5 |    14 ||    19
  Evoke: Wand              |       |       |     2 ||     2
    Use: Potion            |       |       |    12 ||    12
 Armour: Robe              |    60 |    50 |   117 ||   227
         Skin              |       |       |     6 ||     6
  Dodge: Dodged            |    59 |    58 |   101 ||   218

Table legend: (Time is in decaauts)
 A = Elapsed time spent in this place.
 B = Non-inter-level travel time spent in this place.
 C = Inter-level travel time spent in this place.
 D = Time resting spent in this place.
 E = Time spent auto-exploring this place.
 F = Levels seen in this place.
 G = Mean time per level.
                   A        B        C        D        E       F      G
               +--------+--------+--------+--------+--------+-----+--------+
         Total |   8116 |   7815 |    301 |    857 |   5721 |   8 | 1014.5 |
       Dungeon |   8055 |   7754 |    301 |    857 |   5721 |   7 | 1150.7 |
        Temple |     61 |     61 |      0 |      0 |      0 |   1 |   61.0 |
               +--------+--------+--------+--------+--------+-----+--------+

Top non-repeatable levels by time:
     D:5: 1516 daAuts
     D:3: 1515 daAuts
     D:4: 1481 daAuts
     D:6: 1332 daAuts
     D:1: 1140 daAuts
     D:2: 834 daAuts
     D:7: 234 daAuts
  Temple: 61 daAuts
